[ AOE2 MATCH · #478922542 ]
UnrankedVietnamese vs Mapuche
Player's team · LOSS
[ REPLAY ANALYSIS · EXTRACTED FROM THE RECORDED GAME ]
Feudal
16:31
Castle
30:54
Imperial
53:13
| APM avg | 16.7 |
| APM peak | 43 |
| eAPM avg | 8.5 |
| Villagers / military | 82 / 44 |
Focus
⚔️ 20.6% · 🌾 79.4%
Archer ×40 · Fishing Ship ×15 · Unknown (2626) ×3 · Trebuchet (Packed) ×3 · Galley ×1
Feudal
16:15
Castle
21:33
Imperial
38:47
| APM avg | 36.4 |
| APM peak | 76 |
| eAPM avg | 21.0 |
| Villagers / military | 196 / 424 |
Focus
⚔️ 24.0% · 🌾 76.0%
Monaspa ×336 · Knight ×51 · Scout Cavalry ×20 · Trebuchet (Packed) ×12 · Fishing Ship ×6 · Fire Galley ×5
Feudal
15:39
Castle
20:00
Imperial
41:39
| APM avg | 32.8 |
| APM peak | 67 |
| eAPM avg | 21.8 |
| Villagers / military | 162 / 241 |
Focus
⚔️ 46.5% · 🌾 53.5%
Unknown (2550) ×151 · Spearman ×106 · Petard ×55 · Kona ×32 · Bolas Rider ×31 · Fishing Ship ×9
Feudal
13:51
Castle
18:56
Imperial
35:26
| APM avg | 29.5 |
| APM peak | 69 |
| eAPM avg | 21.4 |
| Villagers / military | 176 / 396 |
Focus
⚔️ 34.2% · 🌾 65.8%
Spearman ×132 · Karambit Warrior ×132 · Skirmisher ×65 · Fishing Ship ×54 · Battle Elephant ×37 · Unknown (2626) ×12
Feudal
14:59
Castle
23:08
Imperial
—
| APM avg | 24.0 |
| APM peak | 66 |
| eAPM avg | 11.9 |
| Villagers / military | 124 / 118 |
Focus
⚔️ 22.9% · 🌾 77.1%
Spearman ×76 · Mangudai ×24 · Fishing Ship ×20 · Battering Ram ×8 · Militia ×4 · Demolition Raft ×4
Feudal
14:14
Castle
18:54
Imperial
—
| APM avg | 20.8 |
| APM peak | 55 |
| eAPM avg | 11.2 |
| Villagers / military | 69 / 63 |
Focus
⚔️ 42.6% · 🌾 57.4%
Spearman ×60 · Unknown (1974) ×48 · Fishing Ship ×7 · Transport Ship ×2 · Fire Galley ×1 · Unknown (2626) ×1
Feudal
14:46
Castle
—
Imperial
—
| APM avg | 8.6 |
| APM peak | 67 |
| eAPM avg | 4.4 |
| Villagers / military | 40 / 1 |
Focus
⚔️ 10.0% · 🌾 90.0%
Skirmisher ×1
Feudal
14:57
Castle
18:33
Imperial
38:45
| APM avg | 32.4 |
| APM peak | 75 |
| eAPM avg | 14.2 |
| Villagers / military | 144 / 344 |
Focus
⚔️ 37.1% · 🌾 62.9%
Knight ×288 · Conquistador ×44 · Fishing Ship ×11 · Trebuchet (Packed) ×5 · Mangonel ×3 · Galley ×2
Match map
Initial resources + every placement click. Lines = walls · curves = elevation contours. ◆ gold · ⬟ stone · ● berries · ✦ relic · ◌ wall gap
Your base· Open — 3t gap
KOMMEPCAHT's base· Open — 4t gap
Monolito's base· Open — unwalled flank
Lord Benjamin of Glencoe's base· Open — unwalled flank
Lam's base· Open — unwalled flank
Moron With A Gun's base· Open — unwalled flank
Knightrider's base· Open — 7t gap
nandocacn's base· Open — 6t gap
Smoothed initial terrain · ◌ = detected wall gap · hover for details
Inputs per minute
— J_Dav - - KOMMEPCAHT
Build order — J_Dav
First 150 of 224 actions detected
| 2:12 | Build | Dock |
| 2:21 | Build | Town Center |
| 4:08 | Build | House |
| 4:37 | Create | Villager (Male) |
| 4:37 | Create | Villager (Male) |
| 4:37 | Create | Villager (Male) |
| 6:01 | Create | Villager (Male) |
| 6:01 | Create | Villager (Male) |
| 6:01 | Create | Villager (Male) |
| 6:53 | Research | Loom |
| 7:00 | Build | House |
| 7:27 | Create | Villager (Male) |
| 8:10 | Create | Fishing Ship |
| 8:10 | Create | Fishing Ship |
| 8:11 | Create | Fishing Ship |
| 9:25 | Build | Palisade Wall |
| 9:27 | Create | Villager (Male) |
| 9:36 | Create | Fishing Ship |
| 10:11 | Build | House |
| 10:23 | Build | Mill |
| 10:34 | Create | Villager (Male) |
| 10:34 | Create | Villager (Male) |
| 11:04 | Create | Villager (Male) |
| 12:07 | Build | Dock |
| 12:14 | Create | Villager (Male) |
| 12:14 | Create | Villager (Male) |
| 12:54 | Build | House |
| 13:27 | Build | Mining Camp |
| 13:29 | Create | Villager (Male) |
| 14:15 | Build | Lumber Camp |
| 14:21 | Research | Feudal Age |
| 16:11 | Build | Lumber Camp |
| 16:31 | Age | Feudal Age |
| 16:41 | Create | Unit 2626 |
| 16:46 | Create | Fishing Ship |
| 16:48 | Create | Villager (Male) |
| 16:48 | Create | Villager (Male) |
| 17:43 | Create | Unit 2626 |
| 17:45 | Create | Fishing Ship |
| 17:51 | Create | Villager (Male) |
| 17:51 | Create | Villager (Male) |
| 17:53 | Build | House |
| 18:10 | Research | Gold Mining |
| 18:54 | Create | Unit 2626 |
| 18:59 | Build | Palisade Wall |
| 19:00 | Build | Palisade Wall |
| 19:05 | Build | Palisade Wall |
| 19:20 | Create | Villager (Male) |
| 19:40 | Build | Mining Camp |
| 19:58 | Research | Town Watch |
| 20:10 | Build | House |
| 20:21 | Create | Fishing Ship |
| 20:49 | Build | Palisade Wall |
| 21:32 | Create | Fishing Ship |
| 21:45 | Create | Galley |
| 22:02 | Build | Mining Camp |
| 23:07 | Build | Blacksmith |
| 23:10 | Build | Barracks |
| 23:57 | Build | Archery Range |
| 24:37 | Build | Town Center |
| 25:22 | Build | Town Center |
| 27:17 | Create | Villager (Male) |
| 27:17 | Create | Villager (Male) |
| 27:31 | Build | Archery Range |
| 28:02 | Build | Mining Camp |
| 28:14 | Research | Castle Age |
| 29:23 | Build | Dock |
| 30:10 | Research | Double-Bit Axe |
| 30:54 | Age | Castle Age |
| 30:55 | Create | Villager (Male) |
| 30:56 | Create | Villager (Male) |
| 30:56 | Create | Villager (Male) |
| 31:06 | Research | Crossbowman (upgrade) |
| 31:19 | Create | Archer |
| 31:19 | Create | Archer |
| 31:57 | Create | Villager (Male) |
| 32:30 | Create | Villager (Male) |
| 32:31 | Create | Villager (Male) |
| 32:55 | Build | Town Center |
| 33:01 | Create | Villager (Male) |
| 33:18 | Research | Thumb Ring |
| 33:57 | Create | Villager (Male) |
| 33:58 | Create | Villager (Male) |
| 33:58 | Create | Villager (Male) |
| 34:00 | Create | Villager (Male) |
| 34:25 | Build | Palisade Wall |
| 34:35 | Create | Fishing Ship |
| 34:36 | Create | Fishing Ship |
| 35:33 | Create | Archer |
| 35:33 | Create | Archer |
| 35:43 | Create | Villager (Male) |
| 35:51 | Create | Fishing Ship |
| 36:24 | Build | House |
| 36:45 | Research | Fletching |
| 36:48 | Create | Villager (Male) |
| 36:48 | Create | Villager (Male) |
| 36:50 | Create | Villager (Male) |
| 36:59 | Create | Archer |
| 37:04 | Build | House |
| 37:10 | Create | Archer |
| 37:24 | Research | Padded Archer Armor |
| 38:32 | Create | Villager (Male) |
| 39:38 | Build | Town Center |
| 39:46 | Create | Villager (Male) |
| 41:13 | Build | Town Center |
| 41:35 | Build | Mining Camp |
| 41:40 | Create | Villager (Male) |
| 41:40 | Create | Villager (Male) |
| 41:40 | Create | Villager (Male) |
| 41:52 | Build | Archery Range |
| 42:50 | Create | Villager (Male) |
| 43:38 | Create | Villager (Male) |
| 43:38 | Create | Villager (Male) |
| 43:39 | Create | Villager (Male) |
| 44:24 | Build | Castle |
| 44:29 | Create | Villager (Male) |
| 44:30 | Create | Villager (Male) |
| 44:30 | Create | Villager (Male) |
| 44:30 | Create | Villager (Male) |
| 44:43 | Create | Villager (Male) |
| 44:56 | Build | Dock |
| 45:11 | Create | Villager (Male) |
| 45:11 | Create | Villager (Male) |
| 45:12 | Create | Villager (Male) |
| 45:12 | Create | Villager (Male) |
| 45:26 | Build | House |
| 45:27 | Build | House |
| 45:28 | Build | House |
| 45:28 | Build | House |
| 45:28 | Build | House |
| 46:05 | Create | Fishing Ship |
| 46:13 | Create | Fishing Ship |
| 46:21 | Create | Villager (Male) |
| 46:21 | Create | Villager (Male) |
| 46:42 | Create | Villager (Male) |
| 46:42 | Create | Villager (Male) |
| 46:57 | Create | Fishing Ship |
| 47:33 | Create | Villager (Male) |
| 47:38 | Create | Villager (Male) |
| 48:19 | Create | Villager (Male) |
| 48:28 | Create | Villager (Male) |
| 48:29 | Create | Villager (Male) |
| 48:31 | Create | Villager (Male) |
| 49:03 | Create | Archer |
| 49:03 | Create | Archer |
| 49:04 | Create | Archer |
| 49:17 | Create | Fishing Ship |
| 49:22 | Build | Dock |
| 49:43 | Create | Archer |
| 50:03 | Research | Imperial Age |
Build order — KOMMEPCAHT
First 150 of 506 actions detected
| 0:33 | Build | House |
| 0:35 | Build | House |
| 3:03 | Build | Town Center |
| 4:47 | Create | Villager (Male) |
| 4:47 | Create | Villager (Male) |
| 4:48 | Create | Villager (Male) |
| 5:03 | Create | Villager (Male) |
| 5:03 | Create | Villager (Male) |
| 5:51 | Create | Villager (Male) |
| 6:30 | Create | Villager (Male) |
| 6:31 | Create | Villager (Male) |
| 7:00 | Create | Villager (Male) |
| 7:00 | Create | Villager (Male) |
| 7:02 | Research | Loom |
| 7:34 | Build | Dock |
| 7:42 | Build | House |
| 7:44 | Build | House |
| 7:49 | Create | Villager (Male) |
| 8:17 | Create | Villager (Male) |
| 8:26 | Build | House |
| 8:27 | Build | House |
| 8:43 | Create | Villager (Male) |
| 8:43 | Create | Villager (Male) |
| 8:53 | Build | House |
| 9:18 | Create | Villager (Male) |
| 9:18 | Create | Villager (Male) |
| 9:19 | Create | Villager (Male) |
| 9:19 | Create | Villager (Male) |
| 9:47 | Create | Fishing Ship |
| 9:48 | Create | Fishing Ship |
| 10:19 | Create | Villager (Male) |
| 10:20 | Create | Villager (Male) |
| 10:33 | Create | Villager (Male) |
| 10:34 | Create | Villager (Male) |
| 10:34 | Create | Villager (Male) |
| 10:35 | Create | Villager (Male) |
| 10:36 | Create | Villager (Male) |
| 10:36 | Create | Villager (Male) |
| 10:53 | Build | Mill |
| 11:49 | Create | Fishing Ship |
| 11:49 | Create | Fishing Ship |
| 12:14 | Create | Villager (Male) |
| 12:20 | Create | Fishing Ship |
| 12:26 | Create | Villager (Male) |
| 12:52 | Create | Villager (Male) |
| 13:17 | Create | Fishing Ship |
| 13:32 | Create | Villager (Male) |
| 13:59 | Research | Feudal Age |
| 14:07 | Build | House |
| 15:21 | Create | Villager (Male) |
| 15:22 | Create | Villager (Male) |
| 15:27 | Build | Mule Cart |
| 16:15 | Age | Feudal Age |
| 16:18 | Build | Market |
| 16:48 | Create | Fire Galley |
| 16:49 | Create | Fire Galley |
| 16:49 | Create | Fire Galley |
| 17:18 | Build | Blacksmith |
| 17:20 | Create | Villager (Male) |
| 17:22 | Create | Villager (Male) |
| 18:22 | Create | Fire Galley |
| 18:22 | Create | Fire Galley |
| 18:28 | Create | Villager (Male) |
| 18:36 | Research | Castle Age |
| 19:04 | Research | Wheelbarrow |
| 19:36 | Research | Horse Collar |
| 21:33 | Age | Castle Age |
| 21:34 | Build | Town Center |
| 21:40 | Build | Town Center |
| 21:46 | Build | Town Center |
| 22:18 | Build | Town Center |
| 22:38 | Build | House |
| 22:57 | Create | Villager (Male) |
| 23:08 | Create | Villager (Male) |
| 23:10 | Create | Villager (Male) |
| 23:10 | Create | Villager (Male) |
| 23:10 | Create | Villager (Male) |
| 23:11 | Create | Villager (Male) |
| 23:20 | Create | Villager (Male) |
| 23:21 | Create | Villager (Male) |
| 23:27 | Build | Farm |
| 23:28 | Build | Farm |
| 23:28 | Build | Farm |
| 23:30 | Create | Villager (Male) |
| 23:30 | Create | Villager (Male) |
| 23:30 | Create | Villager (Male) |
| 23:43 | Build | House |
| 23:44 | Build | House |
| 23:45 | Build | House |
| 24:20 | Create | Villager (Male) |
| 24:20 | Create | Villager (Male) |
| 24:22 | Build | Farm |
| 24:22 | Build | Farm |
| 24:23 | Build | Farm |
| 24:23 | Build | Farm |
| 24:27 | Build | Farm |
| 24:28 | Build | Farm |
| 24:28 | Build | Farm |
| 24:30 | Create | Villager (Male) |
| 24:30 | Create | Villager (Male) |
| 24:33 | Build | Farm |
| 25:04 | Build | House |
| 25:07 | Build | Farm |
| 25:08 | Build | Farm |
| 25:08 | Build | Farm |
| 25:08 | Build | Farm |
| 25:09 | Build | Farm |
| 25:12 | Create | Villager (Male) |
| 25:12 | Create | Villager (Male) |
| 25:12 | Create | Villager (Male) |
| 25:25 | Create | Villager (Male) |
| 25:25 | Create | Villager (Male) |
| 25:31 | Build | House |
| 25:33 | Build | Farm |
| 25:34 | Create | Villager (Male) |
| 25:34 | Create | Villager (Male) |
| 25:35 | Create | Villager (Male) |
| 25:35 | Create | Villager (Male) |
| 25:42 | Build | Farm |
| 25:42 | Build | Farm |
| 25:47 | Build | Farm |
| 25:48 | Create | Villager (Male) |
| 25:48 | Create | Villager (Male) |
| 26:27 | Create | Villager (Male) |
| 26:27 | Create | Villager (Male) |
| 26:28 | Create | Villager (Male) |
| 26:28 | Create | Villager (Male) |
| 26:28 | Create | Villager (Male) |
| 26:28 | Create | Villager (Male) |
| 26:32 | Build | Farm |
| 26:32 | Build | Farm |
| 26:32 | Build | Farm |
| 26:32 | Build | Farm |
| 26:33 | Build | Farm |
| 26:35 | Create | Villager (Male) |
| 26:35 | Create | Villager (Male) |
| 26:38 | Build | House |
| 26:39 | Build | House |
| 26:40 | Build | House |
| 26:41 | Create | Villager (Male) |
| 26:41 | Create | Villager (Male) |
| 26:51 | Build | Farm |
| 26:51 | Build | Farm |
| 26:52 | Create | Villager (Male) |
| 26:53 | Create | Villager (Male) |
| 27:01 | Create | Villager (Male) |
| 27:02 | Create | Villager (Male) |
| 27:08 | Build | House |
| 27:12 | Build | House |
| 27:16 | Build | House |
Build order — Monolito
First 150 of 718 actions detected
| 0:09 | Build | Town Center |
| 2:14 | Build | Dock |
| 2:38 | Create | Villager (Male) |
| 2:39 | Create | Villager (Male) |
| 2:39 | Create | Villager (Male) |
| 2:39 | Create | Villager (Male) |
| 2:40 | Create | Villager (Male) |
| 2:44 | Research | Loom |
| 3:00 | Create | Villager (Male) |
| 3:00 | Create | Villager (Male) |
| 3:01 | Create | Villager (Male) |
| 3:51 | Build | House |
| 3:52 | Build | House |
| 5:02 | Create | Villager (Male) |
| 5:02 | Create | Villager (Male) |
| 5:02 | Create | Villager (Male) |
| 5:54 | Create | Villager (Male) |
| 5:55 | Create | Villager (Male) |
| 5:55 | Create | Villager (Male) |
| 5:55 | Create | Villager (Male) |
| 6:33 | Create | Villager (Male) |
| 6:33 | Create | Villager (Male) |
| 6:38 | Create | Villager (Male) |
| 6:38 | Create | Villager (Male) |
| 6:39 | Create | Villager (Male) |
| 6:39 | Create | Villager (Male) |
| 7:28 | Create | Villager (Male) |
| 7:28 | Create | Villager (Male) |
| 8:09 | Create | Villager (Male) |
| 8:10 | Create | Villager (Male) |
| 8:10 | Create | Villager (Male) |
| 8:10 | Create | Villager (Male) |
| 8:10 | Create | Villager (Male) |
| 8:20 | Create | Villager (Male) |
| 8:21 | Create | Villager (Male) |
| 8:31 | Build | Settlement |
| 8:53 | Create | Villager (Male) |
| 8:53 | Create | Villager (Male) |
| 9:43 | Build | House |
| 9:44 | Build | House |
| 9:50 | Create | Villager (Male) |
| 9:51 | Create | Villager (Male) |
| 9:51 | Create | Villager (Male) |
| 10:13 | Create | Villager (Male) |
| 10:13 | Create | Villager (Male) |
| 10:14 | Create | Villager (Male) |
| 10:49 | Create | Fishing Ship |
| 10:49 | Create | Fishing Ship |
| 11:09 | Create | Villager (Male) |
| 11:09 | Create | Villager (Male) |
| 11:10 | Create | Villager (Male) |
| 11:32 | Create | Villager (Male) |
| 11:32 | Create | Villager (Male) |
| 11:33 | Create | Villager (Male) |
| 11:38 | Create | Fishing Ship |
| 11:38 | Create | Fishing Ship |
| 11:46 | Create | Villager (Male) |
| 11:47 | Create | Villager (Male) |
| 12:11 | Create | Villager (Male) |
| 12:11 | Create | Villager (Male) |
| 12:15 | Create | Fishing Ship |
| 12:16 | Create | Fishing Ship |
| 12:24 | Build | House |
| 12:25 | Build | House |
| 12:51 | Research | Feudal Age |
| 12:51 | Research | Feudal Age |
| 13:06 | Create | Fishing Ship |
| 13:06 | Create | Fishing Ship |
| 13:07 | Create | Fishing Ship |
| 14:00 | Build | Settlement |
| 14:16 | Build | House |
| 15:33 | Create | Villager (Male) |
| 15:33 | Create | Villager (Male) |
| 15:34 | Create | Villager (Male) |
| 15:34 | Create | Villager (Male) |
| 15:39 | Age | Feudal Age |
| 15:40 | Research | Horse Collar |
| 15:40 | Research | Horse Collar |
| 15:42 | Research | Double-Bit Axe |
| 15:44 | Build | Blacksmith |
| 15:48 | Build | Palisade Wall |
| 15:55 | Build | Palisade Wall |
| 16:12 | Build | Palisade Wall |
| 16:25 | Build | Market |
| 16:51 | Build | Palisade Gate |
| 16:54 | Build | Palisade Wall |
| 16:58 | Research | Castle Age |
| 17:07 | Build | Settlement |
| 17:24 | Research | Stone Mining |
| 18:23 | Build | Farm |
| 18:28 | Build | Farm |
| 18:30 | Research | Gold Mining |
| 20:00 | Age | Castle Age |
| 20:04 | Research | Wheelbarrow |
| 20:29 | Build | Castle |
| 20:33 | Create | Villager (Male) |
| 20:33 | Create | Villager (Male) |
| 20:36 | Build | Farm |
| 20:39 | Build | Farm |
| 20:52 | Build | Farm |
| 20:53 | Create | Villager (Male) |
| 20:54 | Create | Villager (Male) |
| 21:00 | Research | Heavy Plow |
| 21:17 | Build | Farm |
| 21:35 | Create | Kona |
| 21:35 | Create | Kona |
| 21:35 | Create | Kona |
| 21:42 | Build | Farm |
| 21:43 | Build | Farm |
| 21:44 | Build | Farm |
| 21:50 | Build | Farm |
| 22:06 | Build | Farm |
| 22:10 | Create | Kona |
| 22:10 | Create | Kona |
| 22:16 | Create | Kona |
| 22:16 | Create | Kona |
| 22:16 | Create | Kona |
| 22:24 | Create | Kona |
| 22:24 | Create | Kona |
| 22:24 | Create | Kona |
| 22:32 | Create | Villager (Male) |
| 22:33 | Create | Villager (Male) |
| 22:53 | Build | Farm |
| 22:54 | Create | Villager (Male) |
| 22:55 | Create | Villager (Male) |
| 23:01 | Create | Kona |
| 23:01 | Create | Kona |
| 23:18 | Build | Farm |
| 23:23 | Create | Kona |
| 23:23 | Create | Kona |
| 23:23 | Create | Kona |
| 23:40 | Research | Forging |
| 23:49 | Build | Farm |
| 24:07 | Create | Kona |
| 24:07 | Create | Kona |
| 24:08 | Create | Kona |
| 24:24 | Build | House |
| 24:41 | Build | House |
| 25:06 | Create | Kona |
| 25:06 | Create | Kona |
| 25:06 | Create | Kona |
| 25:06 | Create | Kona |
| 25:07 | Create | Kona |
| 25:30 | Create | Villager (Male) |
| 25:30 | Create | Villager (Male) |
| 25:30 | Create | Villager (Male) |
| 25:51 | Create | Kona |
| 25:51 | Create | Kona |
| 25:52 | Create | Kona |
| 26:22 | Build | Farm |
Build order — Lord Benjamin of Glencoe
First 150 of 579 actions detected
| 0:19 | Build | Town Center |
| 0:56 | Build | Dock |
| 0:57 | Build | House |
| 2:36 | Create | Villager (Male) |
| 2:36 | Create | Villager (Male) |
| 2:36 | Create | Villager (Male) |
| 2:36 | Create | Villager (Male) |
| 3:42 | Create | Fishing Ship |
| 4:08 | Create | Villager (Male) |
| 4:35 | Create | Fishing Ship |
| 4:39 | Research | Loom |
| 4:53 | Build | House |
| 5:17 | Create | Villager (Male) |
| 5:58 | Create | Villager (Male) |
| 5:58 | Create | Fishing Ship |
| 6:23 | Create | Villager (Male) |
| 6:25 | Create | Fishing Ship |
| 6:59 | Create | Villager (Male) |
| 7:00 | Create | Fishing Ship |
| 7:05 | Build | House |
| 7:32 | Create | Villager (Male) |
| 7:34 | Create | Fishing Ship |
| 8:04 | Create | Fishing Ship |
| 8:06 | Create | Villager (Male) |
| 8:23 | Build | House |
| 8:31 | Build | House |
| 8:37 | Create | Villager (Male) |
| 8:47 | Create | Villager (Male) |
| 8:55 | Create | Fishing Ship |
| 9:23 | Create | Villager (Male) |
| 9:41 | Create | Villager (Male) |
| 9:41 | Create | Villager (Male) |
| 9:43 | Create | Fishing Ship |
| 9:58 | Create | Villager (Male) |
| 10:21 | Create | Villager (Male) |
| 10:23 | Create | Fishing Ship |
| 10:57 | Build | Dock |
| 11:01 | Build | House |
| 11:08 | Build | House |
| 11:13 | Create | Villager (Male) |
| 11:19 | Build | Mill |
| 11:24 | Create | Fishing Ship |
| 11:47 | Create | Fishing Ship |
| 11:54 | Create | Fishing Ship |
| 12:05 | Create | Villager (Male) |
| 12:14 | Create | Fishing Ship |
| 12:18 | Create | Fishing Ship |
| 12:30 | Research | Feudal Age |
| 13:00 | Build | Mining Camp |
| 13:23 | Create | Villager (Male) |
| 13:31 | Build | House |
| 13:48 | Create | Fishing Ship |
| 13:49 | Create | Fishing Ship |
| 13:51 | Age | Feudal Age |
| 13:57 | Create | Unit 2626 |
| 14:06 | Create | Unit 2626 |
| 14:21 | Create | Villager (Male) |
| 14:23 | Create | Villager (Male) |
| 14:43 | Build | Market |
| 14:44 | Create | Villager (Male) |
| 15:05 | Create | Villager (Male) |
| 15:08 | Create | Unit 2626 |
| 15:15 | Research | Wheelbarrow |
| 15:19 | Build | House |
| 15:35 | Build | House |
| 15:42 | Build | House |
| 15:56 | Build | Blacksmith |
| 15:57 | Create | Villager (Male) |
| 16:21 | Build | Lumber Camp |
| 16:32 | Build | Palisade Wall |
| 16:32 | Create | Villager (Male) |
| 17:03 | Research | Castle Age |
| 17:36 | Create | Fishing Ship |
| 17:36 | Create | Fishing Ship |
| 17:37 | Create | Villager (Male) |
| 17:54 | Research | Tech 906 |
| 18:40 | Research | Double-Bit Axe |
| 18:42 | Research | Gold Mining |
| 18:42 | Research | Stone Mining |
| 18:43 | Research | Horse Collar |
| 18:56 | Age | Castle Age |
| 19:11 | Build | Town Center |
| 19:14 | Create | Villager (Male) |
| 19:14 | Create | Villager (Male) |
| 19:28 | Build | Barracks |
| 19:34 | Create | Villager (Male) |
| 19:34 | Create | Villager (Male) |
| 19:39 | Build | Barracks |
| 19:41 | Create | Villager (Male) |
| 19:47 | Create | Fishing Ship |
| 19:50 | Create | Fishing Ship |
| 20:01 | Build | Dock |
| 20:02 | Create | Villager (Male) |
| 20:02 | Create | Villager (Male) |
| 20:16 | Research | Bow Saw |
| 20:30 | Create | Villager (Male) |
| 20:46 | Build | Palisade Wall |
| 20:48 | Build | House |
| 20:49 | Create | Villager (Male) |
| 20:51 | Build | House |
| 20:53 | Create | Villager (Male) |
| 20:57 | Research | Gillnets |
| 21:11 | Create | Villager (Male) |
| 21:21 | Create | Fishing Ship |
| 21:21 | Create | Fishing Ship |
| 21:38 | Create | Villager (Male) |
| 21:38 | Create | Villager (Male) |
| 21:42 | Build | House |
| 21:45 | Build | Stable |
| 21:46 | Create | Villager (Male) |
| 21:48 | Create | Villager (Male) |
| 21:48 | Create | Villager (Male) |
| 21:58 | Research | War Galley (upgrade) |
| 22:03 | Create | Unit 2626 |
| 22:04 | Create | Unit 2626 |
| 22:05 | Create | Villager (Male) |
| 22:05 | Create | Villager (Male) |
| 22:11 | Create | Unit 2626 |
| 22:11 | Create | Unit 2626 |
| 22:15 | Create | Unit 2626 |
| 22:16 | Create | Unit 2626 |
| 22:20 | Create | Fishing Ship |
| 22:20 | Create | Fishing Ship |
| 22:22 | Create | Villager (Male) |
| 22:30 | Build | Lumber Camp |
| 22:32 | Create | Villager (Male) |
| 22:49 | Build | Stable |
| 22:50 | Create | Villager (Male) |
| 23:01 | Build | Archery Range |
| 23:07 | Create | Villager (Male) |
| 23:11 | Create | Villager (Male) |
| 23:19 | Create | Villager (Male) |
| 23:19 | Create | Villager (Male) |
| 23:20 | Create | Villager (Male) |
| 23:37 | Create | Villager (Male) |
| 23:44 | Build | Town Center |
| 23:46 | Create | Villager (Male) |
| 23:47 | Create | Villager (Male) |
| 23:52 | Build | House |
| 23:53 | Build | House |
| 23:57 | Create | Villager (Male) |
| 24:01 | Research | Hand Cart |
| 24:14 | Build | Farm |
| 24:16 | Build | Farm |
| 24:21 | Build | Fish Trap |
| 24:34 | Build | Farm |
| 24:54 | Research | Husbandry |
| 24:55 | Create | Knight |
| 24:55 | Create | Knight |
| 24:55 | Create | Knight |
Build order — Lam
First 150 of 321 actions detected
| 0:46 | Build | Town Center |
| 1:07 | Build | House |
| 1:08 | Build | House |
| 3:23 | Build | Dock |
| 3:28 | Create | Villager (Male) ×4 |
| 4:00 | Research | Loom |
| 4:00 | Create | Villager (Male) |
| 4:00 | Create | Villager (Male) |
| 4:01 | Create | Villager (Male) |
| 4:01 | Create | Villager (Male) |
| 4:47 | Create | Villager (Male) |
| 4:47 | Create | Villager (Male) |
| 5:36 | Create | Villager (Male) |
| 5:37 | Create | Villager (Male) |
| 5:37 | Create | Villager (Male) |
| 6:18 | Create | Villager (Male) |
| 6:18 | Create | Villager (Male) |
| 6:18 | Create | Villager (Male) |
| 6:32 | Create | Villager (Male) |
| 6:33 | Create | Villager (Male) |
| 7:07 | Build | House |
| 7:08 | Build | House |
| 7:11 | Build | House |
| 7:24 | Create | Villager (Male) |
| 7:24 | Create | Villager (Male) |
| 7:25 | Create | Villager (Male) |
| 7:57 | Create | Fishing Ship |
| 7:57 | Create | Fishing Ship |
| 7:57 | Create | Fishing Ship |
| 8:16 | Create | Villager (Male) |
| 8:17 | Create | Villager (Male) |
| 8:17 | Create | Villager (Male) |
| 8:52 | Create | Fishing Ship |
| 8:52 | Create | Fishing Ship |
| 8:57 | Create | Villager (Male) |
| 8:57 | Create | Villager (Male) |
| 8:57 | Create | Villager (Male) |
| 8:58 | Create | Villager (Male) |
| 9:17 | Create | Villager (Male) |
| 9:17 | Create | Villager (Male) |
| 9:26 | Create | Fishing Ship |
| 9:27 | Create | Fishing Ship |
| 10:03 | Build | Mill |
| 10:13 | Create | Villager (Male) |
| 10:13 | Create | Villager (Male) |
| 10:14 | Create | Villager (Male) |
| 10:14 | Create | Villager (Male) |
| 10:21 | Create | Fishing Ship |
| 10:22 | Create | Fishing Ship |
| 10:54 | Build | Lumber Camp |
| 10:56 | Create | Villager (Male) |
| 10:57 | Create | Villager (Male) |
| 10:57 | Create | Villager (Male) |
| 10:57 | Create | Villager (Male) |
| 10:57 | Create | Villager (Male) |
| 11:35 | Create | Fishing Ship |
| 11:36 | Create | Fishing Ship |
| 11:40 | Create | Villager (Male) |
| 11:40 | Create | Villager (Male) |
| 11:41 | Create | Villager (Male) |
| 11:56 | Create | Fishing Ship |
| 12:18 | Create | Fishing Ship |
| 12:19 | Create | Fishing Ship |
| 12:23 | Create | Villager (Male) |
| 12:23 | Create | Villager (Male) |
| 12:39 | Build | House |
| 12:42 | Build | House |
| 12:43 | Build | House |
| 12:49 | Research | Feudal Age |
| 13:18 | Create | Fishing Ship |
| 13:19 | Create | Fishing Ship |
| 13:49 | Create | Villager (Male) |
| 13:50 | Create | Villager (Male) |
| 14:21 | Build | Mining Camp |
| 14:33 | Create | Fishing Ship |
| 14:59 | Age | Feudal Age |
| 15:02 | Build | Barracks |
| 15:13 | Build | Blacksmith |
| 15:22 | Create | Demolition Raft |
| 15:46 | Research | Tech 906 |
| 15:53 | Research | Man-at-Arms (upgrade) |
| 15:53 | Research | Man-at-Arms (upgrade) |
| 15:54 | Create | Militia |
| 15:54 | Create | Militia |
| 15:54 | Create | Militia |
| 15:55 | Create | Militia |
| 16:24 | Create | Demolition Raft |
| 16:24 | Create | Demolition Raft |
| 16:27 | Create | Fishing Ship |
| 16:27 | Create | Fishing Ship |
| 16:28 | Create | Fishing Ship |
| 17:06 | Build | Farm |
| 17:06 | Build | Farm |
| 17:06 | Build | Farm |
| 17:09 | Build | Farm |
| 17:44 | Create | Demolition Raft |
| 18:21 | Build | Farm |
| 18:22 | Build | Farm |
| 18:24 | Build | Farm |
| 18:25 | Build | Farm |
| 18:26 | Create | Villager (Male) |
| 18:26 | Create | Villager (Male) |
| 18:29 | Research | Double-Bit Axe |
| 18:30 | Research | Double-Bit Axe |
| 19:29 | Build | Market |
| 20:28 | Research | Castle Age |
| 20:28 | Research | Castle Age |
| 20:29 | Research | Castle Age |
| 21:12 | Research | Wheelbarrow |
| 21:19 | Research | Horse Collar |
| 21:19 | Research | Horse Collar |
| 21:49 | Build | Farm |
| 21:49 | Build | Farm |
| 21:49 | Build | Farm |
| 21:49 | Build | Farm |
| 21:50 | Build | Farm |
| 21:50 | Build | Farm |
| 21:50 | Build | Farm |
| 22:43 | Research | Wheelbarrow |
| 23:08 | Age | Castle Age |
| 23:14 | Build | Castle |
| 23:29 | Build | Town Center |
| 23:43 | Create | Villager (Male) ×5 |
| 24:27 | Research | Fletching |
| 24:28 | Research | Padded Archer Armor |
| 24:28 | Research | Padded Archer Armor |
| 24:28 | Research | Padded Archer Armor |
| 24:36 | Build | Lumber Camp |
| 25:09 | Create | Mangudai |
| 25:09 | Create | Mangudai |
| 25:09 | Create | Mangudai |
| 25:17 | Create | Villager (Male) |
| 25:17 | Create | Villager (Male) |
| 25:17 | Create | Villager (Male) |
| 25:21 | Create | Villager (Male) ×3 |
| 25:44 | Create | Mangudai |
| 26:15 | Create | Mangudai |
| 26:15 | Create | Mangudai |
| 26:15 | Create | Mangudai |
| 26:33 | Create | Villager (Male) ×5 |
| 26:34 | Create | Villager (Male) |
| 26:56 | Create | Mangudai |
| 26:56 | Create | Mangudai |
| 26:57 | Create | Villager (Male) ×2 |
| 27:04 | Build | Town Center |
| 27:16 | Create | Villager (Male) ×2 |
| 27:34 | Create | Villager (Male) |
| 28:21 | Create | Villager (Male) ×3 |
| 28:26 | Create | Villager (Male) |
| 28:54 | Create | Mangudai |
Build order — Moron With A Gun
First 150 of 285 actions detected
| 0:23 | Build | Town Center |
| 2:46 | Build | House |
| 2:54 | Create | Villager (Male) |
| 2:55 | Create | Villager (Male) |
| 2:55 | Create | Villager (Male) |
| 2:55 | Create | Villager (Male) |
| 2:55 | Create | Villager (Male) |
| 3:46 | Research | Loom |
| 4:38 | Create | Villager (Male) |
| 4:53 | Build | Dock |
| 5:44 | Create | Villager (Male) |
| 5:44 | Create | Villager (Male) |
| 6:03 | Create | Fishing Ship |
| 6:19 | Build | House |
| 6:29 | Create | Villager (Male) |
| 6:41 | Create | Villager (Male) |
| 6:41 | Create | Villager (Male) |
| 7:17 | Create | Villager (Male) |
| 7:23 | Create | Fishing Ship |
| 7:38 | Build | House |
| 7:49 | Create | Villager (Male) |
| 7:49 | Create | Villager (Male) |
| 8:08 | Build | House |
| 8:11 | Create | Villager (Male) |
| 8:11 | Create | Villager (Male) |
| 9:04 | Create | Villager (Male) |
| 9:04 | Create | Villager (Male) |
| 9:08 | Create | Fishing Ship |
| 9:35 | Create | Villager (Male) |
| 9:51 | Build | Lumber Camp |
| 9:57 | Create | Villager (Male) |
| 10:03 | Create | Fishing Ship |
| 10:31 | Create | Villager (Male) |
| 10:32 | Create | Villager (Male) |
| 10:44 | Create | Fishing Ship |
| 11:16 | Build | House |
| 11:23 | Build | Mining Camp |
| 11:45 | Create | Fishing Ship |
| 12:04 | Research | Feudal Age |
| 12:13 | Build | Mill |
| 12:34 | Build | Barracks |
| 12:56 | Create | Fishing Ship |
| 13:12 | Build | House |
| 13:41 | Build | House |
| 13:53 | Build | Farm |
| 13:58 | Build | Farm |
| 14:12 | Build | Farm |
| 14:14 | Age | Feudal Age |
| 14:36 | Build | Blacksmith |
| 15:25 | Build | Market |
| 16:14 | Research | Castle Age |
| 16:29 | Build | Barracks |
| 16:39 | Research | Forging |
| 16:45 | Research | Arson |
| 17:34 | Build | Barracks |
| 17:41 | Research | Scale Mail Armor |
| 18:26 | Build | House |
| 18:45 | Build | Farm |
| 18:51 | Build | Farm |
| 18:54 | Age | Castle Age |
| 19:03 | Research | Squires |
| 19:04 | Create | Unit 1974 |
| 19:05 | Create | Unit 1974 |
| 19:05 | Create | Unit 1974 |
| 19:05 | Create | Unit 1974 |
| 19:19 | Create | Unit 1974 |
| 19:20 | Create | Unit 1974 |
| 19:21 | Create | Unit 1974 |
| 19:28 | Create | Villager (Male) |
| 19:37 | Create | Unit 1974 |
| 19:52 | Create | Villager (Male) |
| 19:58 | Build | Farm |
| 20:04 | Build | Farm |
| 20:12 | Research | Iron Casting |
| 20:42 | Create | Villager (Male) |
| 20:53 | Create | Unit 1974 |
| 20:54 | Create | Unit 1974 |
| 20:54 | Create | Unit 1974 |
| 21:33 | Create | Unit 1974 |
| 21:36 | Create | Villager (Male) |
| 21:56 | Create | Unit 1974 |
| 21:59 | Create | Villager (Male) |
| 21:59 | Create | Villager (Male) |
| 22:06 | Build | House |
| 22:15 | Build | Palisade Wall |
| 22:26 | Create | Unit 1974 |
| 22:26 | Create | Unit 1974 |
| 22:43 | Create | Villager (Male) |
| 22:43 | Create | Villager (Male) |
| 22:57 | Create | Unit 1974 |
| 23:02 | Build | House |
| 23:07 | Build | House |
| 23:26 | Create | Unit 1974 |
| 23:29 | Create | Villager (Male) |
| 23:29 | Create | Villager (Male) |
| 23:29 | Create | Villager (Male) |
| 23:34 | Research | Wheelbarrow |
| 24:16 | Create | Spearman |
| 24:16 | Create | Spearman |
| 24:16 | Create | Spearman |
| 24:17 | Create | Spearman |
| 24:41 | Create | Spearman |
| 24:41 | Create | Spearman |
| 24:41 | Create | Spearman |
| 26:11 | Research | Hand Cart |
| 26:38 | Create | Spearman |
| 26:38 | Create | Spearman |
| 26:38 | Create | Spearman |
| 27:28 | Create | Unit 1974 |
| 27:48 | Create | Spearman |
| 28:11 | Build | Farm |
| 29:07 | Research | Pikeman (upgrade) |
| 29:08 | Create | Spearman |
| 29:08 | Create | Spearman |
| 29:28 | Create | Villager (Male) |
| 29:37 | Create | Spearman |
| 29:38 | Create | Spearman |
| 30:11 | Create | Spearman |
| 30:11 | Create | Spearman |
| 30:30 | Create | Unit 2626 |
| 30:47 | Create | Spearman |
| 30:48 | Create | Spearman |
| 31:12 | Create | Spearman |
| 31:39 | Create | Spearman |
| 31:39 | Create | Spearman |
| 31:44 | Create | Villager (Male) |
| 31:44 | Create | Villager (Male) |
| 32:09 | Create | Villager (Male) |
| 32:09 | Create | Villager (Male) |
| 32:53 | Create | Spearman |
| 32:54 | Create | Spearman |
| 32:56 | Create | Villager (Male) |
| 33:07 | Create | Fire Galley |
| 33:33 | Create | Villager (Male) |
| 33:33 | Create | Villager (Male) |
| 33:58 | Create | Villager (Male) |
| 34:41 | Create | Villager (Male) |
| 34:41 | Create | Villager (Male) |
| 34:51 | Create | Villager (Male) |
| 34:55 | Build | Farm |
| 34:58 | Build | Farm |
| 35:00 | Build | Farm |
| 35:40 | Create | Unit 1974 |
| 36:08 | Create | Unit 1974 |
| 36:55 | Create | Villager (Male) |
| 36:55 | Create | Villager (Male) |
| 37:15 | Create | Unit 1974 |
| 37:15 | Create | Unit 1974 |
| 38:16 | Create | Transport Ship |
| 38:29 | Build | Town Center |
Build order — Knightrider
79 actions detected in the replay
| 0:34 | Build | Town Center |
| 1:05 | Build | Palisade Wall |
| 1:32 | Build | House |
| 1:42 | Build | House |
| 3:00 | Create | Villager (Male) |
| 3:00 | Create | Villager (Male) |
| 3:00 | Create | Villager (Male) |
| 3:00 | Create | Villager (Male) |
| 4:06 | Create | Villager (Male) |
| 4:07 | Create | Villager (Male) |
| 4:53 | Create | Villager (Male) |
| 4:53 | Create | Villager (Male) |
| 4:54 | Create | Villager (Male) |
| 5:13 | Create | Villager (Male) |
| 5:13 | Create | Villager (Male) |
| 5:32 | Create | Villager (Male) |
| 5:32 | Create | Villager (Male) |
| 5:32 | Create | Villager (Male) |
| 6:24 | Create | Villager (Male) |
| 6:24 | Create | Villager (Male) |
| 6:25 | Create | Villager (Male) |
| 6:32 | Build | Mill |
| 7:00 | Create | Villager (Male) |
| 7:00 | Create | Villager (Male) |
| 7:01 | Create | Villager (Male) |
| 7:13 | Build | House |
| 7:21 | Create | Villager (Male) |
| 7:21 | Create | Villager (Male) |
| 7:59 | Create | Villager (Male) |
| 8:00 | Create | Villager (Male) |
| 8:00 | Create | Villager (Male) |
| 8:03 | Build | Lumber Camp |
| 8:22 | Create | Villager (Male) |
| 8:22 | Create | Villager (Male) |
| 8:50 | Create | Villager (Male) |
| 8:50 | Create | Villager (Male) |
| 8:51 | Create | Villager (Male) |
| 8:51 | Create | Villager (Male) |
| 8:57 | Build | House |
| 8:58 | Build | House |
| 9:27 | Build | Palisade Wall |
| 9:45 | Build | Farm |
| 9:47 | Build | Farm |
| 10:01 | Build | House |
| 10:05 | Build | Palisade Wall |
| 10:17 | Create | Villager (Male) |
| 10:18 | Create | Villager (Male) |
| 10:44 | Build | Farm |
| 11:14 | Build | House |
| 11:36 | Build | House |
| 11:39 | Create | Villager (Male) |
| 11:52 | Build | House |
| 11:55 | Build | Barracks |
| 11:59 | Research | Loom |
| 12:02 | Build | House |
| 12:14 | Research | Feudal Age |
| 12:15 | Research | Feudal Age |
| 12:29 | Build | Farm |
| 12:32 | Build | Farm |
| 12:37 | Build | House |
| 12:44 | Create | Villager (Male) |
| 12:44 | Create | Villager (Male) |
| 12:48 | Create | Villager (Male) |
| 12:48 | Create | Villager (Male) |
| 12:55 | Build | Palisade Wall |
| 13:41 | Build | Mining Camp |
| 13:47 | Build | Mining Camp |
| 14:06 | Build | House |
| 14:18 | Build | Palisade Wall |
| 14:20 | Build | Palisade Wall |
| 14:39 | Build | Palisade Wall |
| 14:42 | Build | Palisade Wall |
| 14:46 | Age | Feudal Age |
| 15:06 | Build | Archery Range |
| 15:15 | Create | Villager (Male) |
| 15:27 | Create | Villager (Male) |
| 15:46 | Build | Blacksmith |
| 15:53 | Build | Palisade Wall |
| 16:24 | Create | Skirmisher |
Build order — nandocacn
First 150 of 406 actions detected
| 0:13 | Build | Town Center |
| 1:40 | Build | Dock |
| 1:41 | Build | House |
| 2:41 | Create | Villager (Male) ×4 |
| 2:42 | Create | Villager (Male) ×4 |
| 3:34 | Build | House |
| 4:29 | Create | Villager (Male) |
| 4:29 | Create | Villager (Male) |
| 4:35 | Create | Fishing Ship |
| 4:55 | Create | Villager (Male) |
| 5:01 | Build | House |
| 5:34 | Create | Villager (Male) |
| 5:52 | Create | Fishing Ship |
| 5:57 | Create | Villager (Male) |
| 6:25 | Create | Villager (Male) |
| 6:29 | Create | Fishing Ship |
| 6:42 | Build | House |
| 6:56 | Create | Villager (Male) |
| 6:56 | Create | Villager (Male) |
| 7:29 | Build | House |
| 7:35 | Create | Villager (Male) |
| 7:49 | Research | Loom |
| 7:52 | Build | House |
| 8:09 | Create | Villager (Male) |
| 8:42 | Create | Villager (Male) |
| 8:42 | Create | Villager (Male) |
| 8:43 | Create | Fishing Ship |
| 8:53 | Build | House |
| 8:54 | Build | House |
| 9:01 | Create | Villager (Male) |
| 9:33 | Build | Mill |
| 9:52 | Create | Fishing Ship |
| 10:14 | Create | Villager (Male) |
| 10:34 | Build | Palisade Wall |
| 10:52 | Create | Villager (Male) |
| 11:28 | Build | Dock |
| 11:30 | Build | House |
| 11:32 | Create | Villager (Male) |
| 11:32 | Create | Villager (Male) |
| 11:52 | Create | Fishing Ship |
| 12:01 | Create | Villager (Male) |
| 12:07 | Research | Feudal Age |
| 12:24 | Create | Fishing Ship |
| 12:26 | Create | Villager (Male) |
| 12:30 | Build | Mining Camp |
| 13:00 | Create | Fishing Ship |
| 13:17 | Create | Fishing Ship |
| 13:37 | Create | Villager (Male) |
| 13:37 | Create | Villager (Male) |
| 13:41 | Create | Fishing Ship |
| 13:41 | Create | Fishing Ship |
| 14:16 | Build | House |
| 14:57 | Age | Feudal Age |
| 15:02 | Build | Blacksmith |
| 15:16 | Build | Market |
| 15:53 | Research | Castle Age |
| 15:53 | Research | Castle Age |
| 15:57 | Build | Mining Camp |
| 16:11 | Create | Villager (Male) |
| 16:23 | Build | Lumber Camp |
| 16:46 | Research | Stone Mining |
| 17:12 | Research | Double-Bit Axe |
| 17:23 | Build | Outpost |
| 17:26 | Research | Town Watch |
| 17:28 | Create | Villager (Male) |
| 18:00 | Build | Outpost |
| 18:33 | Age | Castle Age |
| 18:43 | Build | Castle |
| 18:49 | Research | Fletching |
| 18:50 | Create | Villager (Male) |
| 19:26 | Create | Villager (Male) |
| 19:32 | Create | Conquistador |
| 19:33 | Create | Conquistador |
| 19:33 | Create | Conquistador |
| 19:39 | Build | Barracks |
| 19:44 | Build | Town Center |
| 20:15 | Research | Gold Mining |
| 20:20 | Create | Villager (Male) |
| 20:25 | Create | Villager (Male) |
| 20:33 | Create | Conquistador |
| 20:40 | Create | Villager (Male) |
| 20:46 | Research | Bow Saw |
| 20:52 | Create | Conquistador |
| 20:53 | Create | Conquistador |
| 20:53 | Create | Conquistador |
| 21:54 | Create | Conquistador |
| 21:55 | Create | Villager (Male) |
| 21:56 | Create | Villager (Male) |
| 21:59 | Create | Villager (Male) |
| 22:09 | Build | Town Center |
| 22:11 | Create | Villager (Male) |
| 22:16 | Create | Villager (Male) |
| 23:01 | Create | Conquistador |
| 23:01 | Create | Conquistador |
| 23:11 | Create | Villager (Male) |
| 23:17 | Create | Villager (Male) |
| 23:21 | Build | Farm |
| 23:21 | Build | Farm |
| 23:22 | Build | Farm |
| 23:22 | Build | Farm |
| 23:22 | Build | Farm |
| 23:23 | Build | Farm |
| 23:29 | Create | Villager (Male) |
| 23:30 | Create | Villager (Male) |
| 24:04 | Create | Galley |
| 24:04 | Create | Galley |
| 24:14 | Create | Conquistador |
| 24:15 | Create | Conquistador |
| 24:27 | Create | Villager (Male) ×2 |
| 24:34 | Build | Farm |
| 24:35 | Build | Farm |
| 24:37 | Build | Farm |
| 24:59 | Create | Villager (Male) ×2 |
| 25:22 | Create | Villager (Male) |
| 25:30 | Create | Villager (Male) |
| 25:30 | Create | Villager (Male) |
| 25:37 | Build | Farm |
| 25:37 | Build | Farm |
| 25:38 | Build | Farm |
| 25:38 | Build | Farm |
| 25:38 | Build | Farm |
| 25:40 | Create | Villager (Male) |
| 26:26 | Create | Villager (Male) ×4 |
| 26:32 | Build | Farm |
| 26:33 | Build | Farm |
| 26:37 | Create | Villager (Male) |
| 27:17 | Build | Castle |
| 27:26 | Create | Villager (Male) ×5 |
| 27:29 | Build | Farm |
| 27:50 | Create | Conquistador |
| 27:50 | Create | Conquistador |
| 28:06 | Create | Villager (Male) ×4 |
| 28:11 | Build | House |
| 28:34 | Build | House |
| 28:35 | Build | House |
| 28:35 | Build | House |
| 28:36 | Build | House |
| 28:51 | Create | Villager (Male) ×4 |
| 28:58 | Build | Farm |
| 29:00 | Build | Farm |
| 29:01 | Create | Villager (Male) |
| 29:11 | Create | Conquistador |
| 29:11 | Create | Conquistador |
| 29:12 | Create | Conquistador |
| 29:22 | Create | Villager (Male) |
| 29:32 | Build | Town Center |
| 29:46 | Create | Villager (Male) ×3 |
| 29:56 | Build | Farm |
| 29:56 | Build | Farm |
| 29:56 | Build | Farm |
Match timeline
| 0:56 | Lord Benjamin of Glencoe · first_building Dock |
| 1:05 | Knightrider · wall_segment Palisade Wall x1 |
| 1:40 | nandocacn · first_building Dock |
| 2:12 | J_Dav · first_building Dock |
| 2:14 | Monolito · first_building Dock |
| 3:23 | Lam · first_building Dock |
| 4:53 | Moron With A Gun · first_building Dock |
| 7:34 | KOMMEPCAHT · first_building Dock |
| 9:25 | J_Dav · wall_segment Palisade Wall x5 |
| 9:27 | Knightrider · wall_segment Palisade Wall x7 |
| 10:05 | Knightrider · wall_segment Palisade Wall x7 |
| 10:34 | nandocacn · wall_segment Palisade Wall x1 |
| 11:55 | Knightrider · first_building Barracks |
| 12:34 | Moron With A Gun · first_building Barracks |
| 12:55 | Knightrider · wall_segment Palisade Wall x6 |
| 13:51 | Lord Benjamin of Glencoe · age_up feudal |
| 14:14 | Moron With A Gun · age_up feudal |
| 14:18 | Knightrider · wall_segment Palisade Wall x6 |
| 14:20 | Knightrider · wall_segment Palisade Wall x6 |
| 14:39 | Knightrider · wall_segment Palisade Wall x9 |
| 14:42 | Knightrider · wall_segment Palisade Wall x11 |
| 14:46 | Knightrider · age_up feudal |
| 14:57 | nandocacn · age_up feudal |
| 14:59 | Lam · age_up feudal |
| 15:02 | Lam · first_building Barracks |
| 15:06 | Knightrider · first_building Archery Range |
| 15:39 | Monolito · age_up feudal |
| 15:48 | Monolito · wall_segment Palisade Wall x1 |
| 15:53 | Knightrider · wall_segment Palisade Wall x2 |
| 15:55 | Monolito · wall_segment Palisade Wall x1 |
| 16:12 | Monolito · wall_segment Palisade Wall x1 |
| 16:15 | KOMMEPCAHT · age_up feudal |
| 16:31 | J_Dav · age_up feudal |
| 16:32 | Lord Benjamin of Glencoe · wall_segment Palisade Wall x1 |
| 16:54 | Monolito · wall_segment Palisade Wall x1 |
| 16:58 | Lord Benjamin of Glencoe · first_market_sell 100 food |
| 17:12 | KOMMEPCAHT · first_market_buy 100 wood |
| 17:31 | Knightrider · resign |
| 18:09 | nandocacn · first_market_buy 100 stone |
| 18:33 | KOMMEPCAHT · first_market_sell 100 food |
| 18:33 | nandocacn · age_up castle |
| 18:35 | Moron With A Gun · first_market_sell 100 stone |
| 18:43 | nandocacn · first_building Castle |
| 18:54 | Moron With A Gun · age_up castle |
| 18:56 | Lord Benjamin of Glencoe · age_up castle |
| 18:59 | J_Dav · wall_segment Palisade Wall x1 |
| 19:00 | J_Dav · wall_segment Palisade Wall x1 |
| 19:05 | J_Dav · wall_segment Palisade Wall x1 |
| 19:28 | Lord Benjamin of Glencoe · first_building Barracks |
| 19:39 | nandocacn · first_building Barracks |
| 20:00 | Monolito · age_up castle |
| 20:12 | Lord Benjamin of Glencoe · first_market_buy 100 wood |
| 20:17 | Monolito · first_market_buy 100 stone |
| 20:29 | Monolito · first_building Castle |
| 20:46 | Lord Benjamin of Glencoe · wall_segment Palisade Wall x1 |
| 20:49 | J_Dav · wall_segment Palisade Wall x1 |
| 21:33 | KOMMEPCAHT · age_up castle |
| 21:45 | Lord Benjamin of Glencoe · first_building Stable |
| 22:15 | Moron With A Gun · wall_segment Palisade Wall x4 |
| 23:01 | Lord Benjamin of Glencoe · first_building Archery Range |
| 23:08 | Lam · age_up castle |
| 23:10 | J_Dav · first_building Barracks |
| 23:14 | Lam · first_building Castle |
| 23:23 | Lam · first_market_buy 100 wood |
| 23:57 | J_Dav · first_building Archery Range |
| 27:24 | KOMMEPCAHT · wall_segment Stone Wall x1 |
| 28:33 | Lord Benjamin of Glencoe · wall_segment Palisade Wall x1 |
| 28:43 | KOMMEPCAHT · first_building Barracks |
| 29:41 | Lam · first_building Stable |
| 29:43 | KOMMEPCAHT · first_building Stable |
| 29:52 | Lord Benjamin of Glencoe · first_building Castle |
| 30:08 | Lam · first_building Monastery |
| 30:54 | J_Dav · age_up castle |
| 31:16 | Monolito · first_building Siege Workshop |
| 31:21 | KOMMEPCAHT · first_building Castle |
| 31:50 | Monolito · first_market_sell 100 food |
| 32:29 | Lam · first_building Siege Workshop |
| 32:56 | Monolito · first_building Barracks |
| 32:58 | Lam · first_market_sell 100 food |
| 33:02 | nandocacn · first_building Monastery |
| 33:23 | Monolito · first_building Archery Range |
| 34:25 | J_Dav · wall_segment Palisade Wall x1 |
| 34:29 | nandocacn · first_building Siege Workshop |
| 35:26 | Lord Benjamin of Glencoe · age_up imperial |
| 38:42 | nandocacn · first_building Stable |
| 38:45 | nandocacn · age_up imperial |
| 38:45 | nandocacn · first_building Archery Range |
| 38:47 | KOMMEPCAHT · age_up imperial |
| 38:54 | KOMMEPCAHT · first_building Siege Workshop |
| 41:39 | Monolito · age_up imperial |
| 43:46 | Lam · tribute_sent a jugador 1 |
| 43:46 | Lam · tribute_sent a jugador 2 |
| 43:46 | Lam · tribute_sent a jugador 3 |
| 43:46 | Lam · tribute_sent a jugador 5 |
| 43:47 | Lam · tribute_sent a jugador 6 |
| 43:47 | Lam · tribute_sent a jugador 7 |
| 43:47 | Lam · tribute_sent a jugador 8 |
| 44:24 | J_Dav · first_building Castle |
| 45:27 | Lord Benjamin of Glencoe · wall_segment Palisade Wall x1 |
| 53:13 | J_Dav · age_up imperial |
| 55:32 | nandocacn · first_market_sell 500 wood |
| 57:42 | Lord Benjamin of Glencoe · first_building Siege Workshop |
| 58:59 | J_Dav · first_market_sell 100 wood |
[ AI ANALYSIS · 1 CREDIT ]
What really happened in this match?
Wolo.gg analyzes every decision: build order, eco, micro, common mistakes by bracket. Personalized analysis on WhatsApp or Discord in 30 seconds.
Civ guide
Vietnamese
Perfil
Jugador #6420093